 Dungeon Crawl Stone Soup version 0.23-a0-455-ge12115f (webtiles) character file.

14 rgaf the Skirmisher (level 2, -2/26 HPs)
             Began as a Gnoll Wanderer on Nov 25, 2018.
             Slain by a jackal (3 damage)
             ... on level 1 of the Dungeon.
             The game lasted 00:00:49 (433 turns).

rgaf the Skirmisher (Gnoll Wanderer)                 Turns: 433, Time: 00:00:49

Health: -2/26      AC:  2    Str: 15    XL:     2   Next: 41%
Magic:  5/5        EV: 11    Int: 14    God:
Gold:   33         SH:  0    Dex: 13    Spells: 6/6 levels left

rFire    . . .     SeeInvis .   e - +0 club
rCold    . . .     Gourm    .   (no shield)
rNeg     . . .     Faith    .   d - +0 robe
rPois    .         Spirit   .   (no helmet)
rElec    .         Reflect  .   (no cloak)
rCorr    .         Harm     .   (no gloves)
MR       .....                  (no boots)
Stlth    ++........             (no amulet)
HPRegen  0.08/turn              (no ring)
MPRegen  0.09/turn              (no ring)

@: no status effects
A: distributed training, fangs 1, strong nose
a: no special abilities


You were on level 1 of the Dungeon.
You were not hungry.

You visited 1 branch of the dungeon, and saw 2 of its levels.

You collected 33 gold pieces.

Inventory:

Hand Weapons
 e - a +0 club (weapon)
Armour
 d - a +0 robe (worn)
Scrolls
 a - 2 scrolls of teleportation {unknown}
 b - a scroll of enchant armour {unknown}
 g - a scroll of random uselessness {unknown}
Potions
 c - a potion of curing
Comestibles
 f - 2 rations
 h - a chunk of flesh


   Skills:
 + Level 4.5 Fighting
 + Level 0.4 Short Blades
 + Level 0.4 Long Blades
 + Level 0.4 Axes
 + Level 0.4 Maces & Flails
 + Level 0.4 Polearms
 + Level 0.4 Staves
 + Level 0.4 Slings
 + Level 0.4 Bows
 + Level 0.4 Crossbows
 + Level 0.4 Throwing
 + Level 2.5 Armour
 + Level 0.4 Dodging
 + Level 2.2 Stealth
 + Level 2.5 Shields
 + Level 0.4 Unarmed Combat
 + Level 2.7 Spellcasting
 + Level 0.2 Conjurations
 + Level 0.2 Hexes
 + Level 0.2 Charms
 + Level 3.7 Summonings
 + Level 0.2 Necromancy
 + Level 0.2 Translocations
 + Level 0.2 Transmutations
 + Level 0.2 Fire Magic
 + Level 0.2 Ice Magic
 + Level 3.7 Air Magic
 + Level 0.2 Earth Magic
 + Level 0.2 Poison Magic
 + Level 0.5 Invocations
 + Level 0.4 Evocations


You had 6 spell levels left.
You didn't know any spells.
Your spell library contained the following spells:

 Spells                   Type           Power        Failure   Level  Hunger
 Call Imp                 Summ           ##......     8%          2    ###....
 Shock                    Conj/Air       #...         10%         1    #......
 Magic Dart               Conj           #...         21%         1    #......
 Static Discharge         Conj/Air       #.......     28%         3    ###....
 Blink                    Tloc           N/A          30%         2    ###....
 Slow                     Hex            #.......     30%         2    ###....
 Mephitic Cloud           Conj/Pois/Air  #.......     36%         3    ###....
 Conjure Flame            Conj/Fire      #.......     52%         3    ###....


Dungeon Overview and Level Annotations

Branches:
Dungeon (2/15)

Altars:


Innate Abilities, Weirdness & Mutations

Your experience applies equally to all skills.
You have very sharp teeth.
Your uncanny sense of smell can sniff out nearby items.


Message History

You kill the jackal!
You hit the hobgoblin. You bite the hobgoblin.
You kill the hobgoblin!
You hit the goblin.
The goblin is severely wounded.
The goblin barely misses you. The goblin misses you.
You barely miss the goblin.
The goblin is severely wounded.
The goblin hits you with a +0 dagger.
* * * LOW HITPOINT WARNING * * *
You barely miss the goblin. Your bite misses the goblin.
The goblin is severely wounded.
The goblin hits you with a +0 dagger.
* * * LOW HITPOINT WARNING * * *
You hit the goblin.
You kill the goblin!
The jackal closely misses you.
You hit the jackal but do no damage. The jackal closely misses you.
The jackal bites you.
You die...

.<....#.....# ......####..# ∆
....#.# #..# .... ......# #..#
...# ......# #..# ..# ....#.#
#..# ###.## . ......# #..#
.....##.# ......#
#..##########......## ....#.#
#..##..@h..#........#
......####..##.####...........
......#÷....##.# #.........h.
....#.###.#.##.# #..........>
......#..###...# #.#)......#.
.>...>#.#.#.#### #.##.g...#..
#...###.##.## #.###...#.##
#..## #. #.# #.# !###.# #.##
#. #.# #.# .# #


You could see a jackal.

Vanquished Creatures
  A giant cockroach (D:1)
  A hobgoblin (D:1)
  5 jackals (D:1)
  3 bats (D:1)
  A goblin (D:1)
  A kobold (D:1)
  A rat (D:1)
13 creatures vanquished.

Notes
Turn   | Place    | Note
-------+----------+-------------------------------------------
     0 | D:1      | rgaf the Gnoll Wanderer began the quest for the Orb.
     0 | D:1      | rgaf set off with the following items: a potion of curing,
                  | a +0 robe, a +0 club, a ration; and the following spells
                  | available to memorise: Call Imp, Shock, Magic Dart, Static
                  | Discharge, Blink, Slow, Mephitic Cloud, Conjure Flame
     0 | D:1      | Reached XP level 1. HP: 20/20 MP: 4/4
   294 | D:1      | You fall through a shaft!
   411 | D:1      | Reached XP level 2. HP: 15/26 MP: 5/5
   431 | D:1      | HP: 1/26 [goblin/+0 dagger (1)]
   433 | D:1      | Slain by a jackal

Vault maps used:
D:1:      lemuel_arrival_broad_hall
D:2:      grunt_gozag_statues

Action                   || total
-------------------------++-------
Melee: Club              ||    73
       Bite              ||    10
Armor: Robe              ||    29
Dodge: Dodged            ||    75

Table legend:
 A = Non-vault XP
 B = Vault XP
 C = Vault XP percentage of total XP
 D = Non-vault monster count
 E = Vault monster count
 F = Vault count percentage of total count
                 A         B        C        D         E       F
            +---------+---------+-------+---------+---------+-------
      Total |      20 |       0 |   0.0 |      13 |       0 |   0.0
            +---------+---------+-------+---------+---------+-------
        D:1 |      20 |       0 |   0.0 |      13 |       0 |   0.0
            +---------+---------+-------+---------+---------+-------
